 Dungeon Crawl Stone Soup version 0.19.5 (webtiles) character file.

5030 grindst0ne the Fighter (level 10, -1/97 HPs)
             Began as a Grey Draconian Berserker on May 2, 2017.
             Was an Elder of Trog.
             Slain by a troll (3 damage)
             ... on level 9 of the Dungeon.
             The game lasted 00:32:27 (9643 turns).

grindst0ne the Fighter (Grey Draconian Berserker)   Turns: 9643, Time: 00:32:28

Health: -1/97      AC: 13    Str: 26    XL:     10   Next: 30%
Magic:  10/10      EV: 13    Int:  7    God:    Trog [****..]
Gold:   584        SH:  0    Dex: 13    Spells: 0 memorised, 9 levels left

rFire  . . .     SeeInvis .     v - +1 battleaxe
rCold  . . .     Gourm    .     (armour unavailable)
rNeg   . . .     Faith    .     (shield currently unavailable)
rPois  .         Spirit   .     (helmet restricted)
rElec  .         Reflect  .     (no cloak)
rCorr  .         Harm     .     M - +0 pair of gloves
MR     .....                    (no boots)
Stlth  ++........               (no amulet)
                                (no ring)
                                (no ring)

@: mighty, exhausted, slowed, very slow
A: walk through water, unfitting armour, unbreathing, cold-blooded, AC +12
a: Berserk, Trog's Hand, Brothers in Arms, Burn Spellbooks, Renounce Religion


You were on level 9 of the Dungeon.
You worshipped Trog.
Trog was greatly pleased with you.
You were very hungry.

You visited 1 branch of the dungeon, and saw 9 of its levels.

You collected 584 gold pieces.

Inventory:

Hand Weapons
 a - a +0 hand axe
 q - a +2 short sword of flaming
 s - a +0 broad axe
 u - a +1 hand axe of chopping
 v - a +1 battleaxe (weapon)
 x - a +0 war axe
Missiles
 B - 5 tomahawks (quivered)
Armour
 f - a +0 helmet
 z - a +2 helmet of see invisible
 M - a +0 pair of gloves (worn)
Jewellery
 i - a +3 ring of strength {unknown}
 t - an uncursed ring of stealth {unknown}
 H - an uncursed ring of magical power {unknown}
Wands
 n - a wand of slowing (23/48)
 C - a wand of digging (24/24)
 I - a wand of lightning (11/15)
 L - a wand of flame (12/48)
 N - a wand of random effects (23/48)
Scrolls
 e - a scroll of remove curse
 h - 2 scrolls of recharging
 k - a scroll of teleportation
 o - 2 scrolls of noise
 E - a scroll of fear {unknown}
 G - 4 scrolls of identify
Potions
 d - 2 potions of degeneration
 l - a potion of cure mutation
 r - 5 potions of brilliance
 w - 2 potions of flight
 A - 2 potions of cancellation
 D - a potion of magic
 F - 2 potions of curing
 K - a potion of haste {unknown}
Books
 y - a book of Misfortune

   Spells                             Type                      Level
   a - Confusing Touch                Hexes                        1
   b - Confuse                        Hexes                        3
   c - Gell's Gravitas                Hexes/Translocation          3
   d - Petrify                        Transmutation/Earth          4
   e - Metabolic Englaciation         Hexes/Ice                    5
   f - Yara's Violent Unravelling     Hexes/Transmutation          5
   Trog disapproves of the use of such an item.
 O - a book of Frost

   Spells                             Type                      Level
   a - Freeze                         Ice                          1
   b - Throw Frost                    Conjuration/Ice              2
   c - Ozocubu's Armour               Charms/Ice                   3
   d - Throw Icicle                   Conjuration/Ice              4
   e - Summon Ice Beast               Ice/Summoning                4
   Trog disapproves of the use of such an item.
 Q - a book of Cantrips

   Spells                             Type                      Level
   a - Confusing Touch                Hexes                        1
   b - Animate Skeleton               Necromancy                   1
   c - Summon Small Mammal            Summoning                    1
   d - Apportation                    Translocation                1
   Trog disapproves of the use of such an item.
Comestibles
 b - 7 bread rations
 c - 7 meat rations
 g - 2 fruits
 m - a slice of pizza
 p - 3 beef jerkies
 P - 10 chunks of flesh


   Skills:
 + Level 11.8 Fighting
 + Level 11.2 Axes
 - Level 2.6 Dodging
 - Level 1.6 Stealth


You had 9 spell levels left.
You didn't know any spells.

Dungeon Overview and Level Annotations

Branches:
Dungeon (9/15)             Temple (0/1) D:5
   Lair: D:8-11         Orc: D:9-12

Altars:
Ashenzari
Elyvilon
Ru
Sif Muna
Trog
Vehumet
Yredelemnul

Shops:
D:6 [   D:8 %   D:9 :


Innate Abilities, Weirdness & Mutations

You can walk through water.
Your dull iron-grey scales are very hard. (AC +12)
You cannot fit into any form of body armour.
You can survive without breathing.
You are cold-blooded and may be slowed by cold attacks.


Message History

The wyvern bites you!
* * * LOW HITPOINT WARNING * * *
You closely miss the wyvern. You tail-slap the wyvern!
The wyvern is almost dead.
The wyvern bites you but does no damage.
You slice the wyvern!!
You feel the power of Trog in you as your rage grows.
You kill the wyvern!
Trog accepts your kill.
You feel a strong urge to attack something.
You feel your anger subside.
You are no longer berserk.
You are exhausted.
You feel yourself slow down.
It was a potion of curing.
You feel better. The troll closely misses you. The troll claws you!
* * * LOW HITPOINT WARNING * * *
The troll closely misses you. The troll bites you but does no damage.
The troll misses you. The troll claws you.
You die...

#..###....# #. #####..#
##.#.# #. #......# .#.#
#. #.###..# .#.# . #.#
#..# .. . #.# #.... .. #
#######.# #..... .. #
#....÷.T# #####.##..####
#.#####@#######.##......
#.#.#.#.#.#.#.#.#.######
#.......................
#.#.#.#.#.#.#.#.#.#..†..
#..................#####
###<#.#.#.#.#.#.#.###
#........[.........####
##.#.#.#.#.#.#.#.#.....
##########..........##


You could see a troll.

Vanquished Creatures
  Pikel (D:6)
  2 hippogriffs
  Sigmund (D:4)
  A spriggan (D:7)
  2 wyverns
  A water moccasin (D:8)
  An orc warrior (D:8)
  2 phantoms
  A sky beast (D:8)
  7 centaurs (D:8)
  5 ogres
  3 big kobolds
  A scorpion (D:5)
  4 killer bees (D:8)
  A howler monkey (D:8)
  10 wights
  3 crimson imps
  5 hounds
  A bullfrog zombie (D:6)
  4 orc priests
  3 jellies
  5 orc wizards
  2 centaur skeletons (D:8)
  3 iguanas
  6 worker ants
  Terence (D:2)
  A hound skeleton (D:8)
  3 gnolls (D:4)
  A howler monkey skeleton (D:7)
  14 adders
  2 shadow imps
  An adder zombie (D:6)
  2 adder skeletons
  A worm (D:3)
  A dart slug (D:1)
  22 orcs
  2 giant cockroaches
  9 goblins
  12 hobgoblins
  10 jackals
  20 kobolds
  4 quokkas
  3 ball pythons
  6 bats
  4 frilled lizards
  A quokka skeleton (D:7)
  8 rats
  2 fungi (D:7)
205 creatures vanquished.

Vanquished Creatures (others)
  Prince Ribbit (D:6)
  A bullfrog (D:6)
  2 quokkas (D:6)
  7 fungi (D:7)
11 creatures vanquished.

Grand Total: 216 creatures vanquished

Notes
Turn   | Place    | Note
-------+----------+-------------------------------------------
     0 | D:1      | grindst0ne the Draconian Berserker began the quest for the Orb.
     0 | D:1      | Reached XP level 1. HP: 19/19 MP: 1/1
   237 | D:1      | Reached XP level 2. HP: 21/26 MP: 2/2
  1463 | D:2      | Reached ** piety under Trog
  1464 | D:2      | Reached XP level 3. HP: 33/33 MP: 3/3
  1491 | D:2      | Found a faded altar of an unknown god.
  1748 | D:2      | Noticed Terence
  1755 | D:2      | Killed Terence
  1910 | D:2      | Reached XP level 4. HP: 25/41 MP: 4/4
  2847 | D:3      | Found a sacrificial altar of Ru.
  2859 | D:3      | Reached skill level 5 in Fighting
  3062 | D:3      | Reached XP level 5. HP: 39/48 MP: 5/5
  3110 | D:3      | Found a radiant altar of Vehumet.
  3124 | D:3      | Found a white marble altar of Elyvilon.
  3131 | D:3      | Found a bloodstained altar of Trog.
  3285 | D:4      | Found a shattered altar of Ashenzari.
  3514 | D:4      | Noticed Sigmund
  3534 | D:4      | Killed Sigmund
  3534 | D:4      | Reached skill level 5 in Axes
  3534 | D:4      | Reached skill level 1 in Stealth
  3534 | D:4      | Reached XP level 6. HP: 33/57 MP: 6/6
  4061 | D:4      | Found a basalt altar of Yredelemnul.
  4098 | D:5      | Entered Level 5 of the Dungeon
  4144 | D:5      | Your scales start taking on a dull iron-grey colour.
  4144 | D:5      | Reached XP level 7. HP: 55/63 MP: 7/7
  4144 | D:5      | Gained mutation: You can survive without breathing. [Grey Draconian growth]
  4506 | D:5      | Reached XP level 8. HP: 73/73 MP: 8/8
  4599 | D:5      | Found a staircase to the Ecumenical Temple.
  4677 | D:5      | Found a deep blue altar of Sif Muna.
  4733 | D:6      | Noticed Prince Ribbit
  4734 | D:6      | Noticed Pikel
  4764 | D:6      | Killed Pikel
  4842 | D:6      | Killed Prince Ribbit
  4946 | D:6      | Found Bimolush's Armour Shoppe.
  5138 | D:6      | Reached *** piety under Trog
  5567 | D:7      | Reached XP level 9. HP: 65/83 MP: 9/9
  6038 | D:7      | Found a flagged portal.
  6353 | D:8      | Reached skill level 10 in Fighting
  6760 | D:8      | Reached **** piety under Trog
  7001 | D:8      | Reached skill level 10 in Axes
  7851 | D:8      | Found Nedubufo's Food Boutique.
  8635 | D:8      | Reached XP level 10. HP: 53/96 MP: 10/10
  9512 | D:9      | Found Axkujoy's Book Shoppe.
  9633 | D:9      | HP: 1/145 [wyvern (8)]
  9641 | D:9      | HP: 1/97 [troll (8)]
  9643 | D:9      | Slain by a troll

Skill      XL: |  1  2  3  4  5  6  7  8  9 10 |
---------------+-------------------------------+-----
Fighting       | 4 5 6 7 9 11 | 11.8
Axes           | 4 5 6 7 9 10 11 | 11.2
Stealth        | 1 |  1.6
Dodging        | |  2.6

Action                   |  1- 3 |  4- 6 |  7- 9 | 10-12 || total
-------------------------+-------+-------+-------+-------++-------
Melee: Hand axe          |    77 |    81 |       |       ||   158
       Tailslap          |    11 |    16 |    52 |     9 ||    88
       Battleaxe         |       |    66 |   342 |    73 ||   481
Invok: Berserk           |     2 |     6 |    11 |     2 ||    21
       Trog's Hand       |       |     6 |     4 |       ||    10
  Use: Scroll            |       |     3 |    17 |     1 ||    21
       Potion            |       |       |     2 |     4 ||     6
 Stab: Sleeping          |       |       |     1 |     1 ||     2
  Eat: Chunk             |     5 |    13 |    22 |     5 ||    45
       Bread ration      |       |       |     1 |       ||     1
Armor: Skin              |    21 |    60 |   162 |    49 ||   292
Dodge: Dodged            |    50 |   120 |   316 |    82 ||   568
